cohdb
Replays
Latest Replays
All Replays
Popular Replays
Top Player Replays
Match Explorer
How It Works
Community
CoH3 Stats
Reddit
Sign in to upload your games and track your stats! →
Sign in with Steam
Match 46637311
Unlisted
Match 46637311
Overview
Messages
Build Orders
End
Construct Infanterie Kompanie
Kettenkrad Recon Vehicle
MG 42 Machine Gun Team
Grenadier Squad
Selects Terror Battlegroup
Selects Machine Gun Camouflage
MG 42 Bunker
GrW 34 Mortar Team
GrW 34 Mortar Team
Grenadier Squad
MG 42 Bunker
Construct Luftwaffe Kompanie
Medical Station
Jäger Squad
Jäger Squad
Construct Panzer Kompanie
Selects Defend the Fatherland
Selects Contempt for the Weak
Defend the Fatherland
Grenadier Squad
Pioneer Squad
Pioneer Squad
Pioneer Squad
Panzer IV Medium Tank
Sturmpanzer IV Brummbär
Selects Propaganda Leaflet Drop
Propaganda Leaflet Drop
Jäger Squad
Jäger Squad
Propaganda Leaflet Drop
Stoßtruppen Squad
Stoßtruppen Squad
Panzer IV Medium Tank
Jäger Squad
Defend the Fatherland
Jäger Squad
Selects V1 Rocket Strike
MAVNE
Sad Pepe
gio_misro
Reibenzgz
KeeperOfTheNight
object-292
0
0
Comments
sign in to comment!
No comments posted yet!